 Dungeon Crawl Stone Soup version 0.30-a0-739-gea05faddec (webtiles) character file.

Game seed: 207676735679033508

69 dialectric the Shield-Bearer (level 4, -15/31 HPs)
             Began as an Octopode Fighter on Feb 2, 2023.
             Killed from afar by Ijyb (18 damage)
             ... with a bolt of dispelling energy
             ... on level 3 of the Dungeon on Feb 4, 2023.
             The game lasted 00:03:28 (1497 turns).

dialectric the Shield-Bearer (Octopode Fighter)     Turns: 1497, Time: 00:03:29

Health: -15/31     AC:  1    Str: 17    XL:     4   Next: 20%
Magic:  4/4        EV: 13    Int: 10    God:
Gold:   137        SH:  4    Dex: 11    Spells: 3/3 levels left

rFire   . . .      SeeInvis .    a - +0 rapier
rCold   . . .      Faith    .    b - +0 buckler
rNeg    . . .      Spirit   .    (helmet restricted)
rPois   .          Reflect  .    (no amulet)
rElec   .          Harm     .    (no ring)
rCorr   .          Rampage  .    (no ring)
Will    .....                    (no ring)
Stlth   ++                       (no ring)
HPRegen 0.25/turn                (no ring)
MPRegen 0.09/turn                (no ring)
                                 (no ring)
                                 (no ring)

@: no status effects
A: almost no armour, amphibious, 8 rings, camouflage 1, gelatinous body 1,
(nimble swimmer 1), tentacles
a: no special abilities


You were on level 3 of the Dungeon.
You visited 1 branch of the dungeon, and saw 3 of its levels.

You collected 137 gold pieces.

Inventory:

Hand Weapons
 a - a +0 rapier (weapon)
Armour
 b - a +0 buckler (worn)
Scrolls
 d - 5 scrolls of identify {unknown}
 e - a scroll of fear {unknown}
 h - a scroll of teleportation {unknown}
Potions
 c - a potion of might
 f - a potion of lignification {unknown}
 g - 2 potions of mutation {unknown}


   Skills:
 - Level 3.0 Fighting
 * Level 2.9 Short Blades
 - Level 3.0 Dodging
 * Level 4.3 Shields


You had 3 spell levels left.
You didn't know any spells.
Your spell library contained the following spells:

 Spells                   Type           Power      Damage    Failure   Level
 Slow                     Hex            0%         N/A       43%         1
 Confusing Touch          Hex            0%         N/A       82%         3
 Vampiric Draining        Necr           0%         2d6       82%         3
 Alistair's Intoxication  Tmut/Pois      0%         N/A       100%        5
 Borgnjor's Vile Clutch   Necr/Erth      0%         N/A       100%        5
 Eringya's Noxious Bog    Tmut/Pois      0%         N/A       100%        6


Dungeon Overview and Level Annotations

Branches:
Dungeon (3/15)

Altars:
Ru

Annotations:
D:3 Ijyb


Innate Abilities, Weirdness & Mutations

You cannot wear most types of armour.
You are amphibious.
You can wear up to eight rings at the same time.
Your skin changes colour to match your surroundings (Stealth+).
Your rubbery body absorbs attacks. (AC +1, EV +1)
((You are camouflaged when in or above water. (Stealth+)))
You have tentacles for arms and can constrict up to eight enemies at once.


Message History

The kobold barely misses you.
You see here a bat corpse.
You closely miss the kobold. Your grab misses the kobold.
The kobold closely misses you.
You closely miss the kobold. Your grab misses the kobold.
The kobold barely misses you.
Unknown command.
You hit the kobold.
You kill the kobold!
Unknown command.
You completely miss the quokka. You grab the quokka. You constrict the quokka.
Ijyb screams, "I cut your head off!"
Ijyb zaps a wand.
The bolt of dispelling energy hits the quokka!
The quokka dies!
The bolt of dispelling energy hits you!
Ouch! That really hurt!
An endoplasm comes into view.
The endoplasm quivers.
Things that are here:
a +0 whip; 2 stones You are too injured to fight recklessly!
You barely miss Ijyb. You grab Ijyb. You constrict Ijyb.
Ijyb screams, "You nasty!
Big nasty!"
Ijyb closely misses you.
Ijyb zaps a wand.
The bolt of dispelling energy hits you!
* * * LOW HITPOINT WARNING * * *
You hit Ijyb.
Ijyb is moderately wounded.
You constrict Ijyb. Ijyb hits you with a +0 club.
* * * LOW HITPOINT WARNING * * *
You hit Ijyb but do no damage.
Ijyb is heavily wounded.
You constrict Ijyb. You block Ijyb's attack.
You barely miss Ijyb.
Ijyb is heavily wounded.
You constrict Ijyb.
Ijyb zaps a wand.
The bolt of dispelling energy hits you!!
Ouch! That really hurt!
You die...

.∩#.# .#.# ∩..# ..#
......# ..# .......# #J#
#......# #g# #......#
#@# #......# ##.#†#
#......#
(#.#.####......+
##.#.#...........#
...#.######..#####
#..#.##...#..#
#######..#.##......#
.........#.####.##.#
###########.##.##.#)##.#


You could see Ijyb and an endoplasm.

Vanquished Creatures
  2 adders (D:2)
  A dart slug (D:1)
  4 orcs (D:3)
  4 bats
  5 endoplasms
  4 giant cockroaches
  3 goblins (D:2)
  5 hobgoblins
  A quokka (D:1)
  7 ball pythons
  5 kobolds
  A rat (D:2)
42 creatures vanquished.

Vanquished Creatures (others)
  A quokka (D:3)
1 creature vanquished.

Grand Total: 43 creatures vanquished

Notes
Turn   | Place    | Note
-------+----------+-------------------------------------------
     0 | D:1      | dialectric the Octopode Fighter began the quest for the
                  | Orb.
     0 | D:1      | Reached XP level 1. HP: 16/16 MP: 1/1
   302 | D:1      | Reached XP level 2. HP: 21/21 MP: 2/2
   558 | D:1      | Upgraded the game from 0.30-a0-737-gf23d94013f to
                  | 0.30-a0-739-gea05faddec
   851 | D:2      | Reached XP level 3. HP: 26/26 MP: 3/3
   912 | D:2      | Found a sacrificial altar of Ru.
  1000 | D:2      | Reached skill level 4 in Shields
  1347 | D:3      | Reached XP level 4. HP: 26/31 MP: 4/4
  1486 | D:3      | Noticed Ijyb
  1497 | D:3      | Killed from afar by Ijyb

Illustrated notes

Levels and vault maps discovered:
D:1:      dpeg_arrival_rooms_b, layout_loops_ring, serial_rivers,
          chequers_serial_rivers_room_b, chequers_serial_rivers_small_b,
          chequers_serial_rivers_large_b, chequers_serial_rivers_small_3,
          chequers_serial_rivers_large_a, chequers_serial_rivers_small_b,
          minmay_misc_feat_plants, nrook_mini_backslash,
          grunt_decor_mini_mirrors, chequers_serial_rivers_micro_d,
          minmay_misc_feat_ornament, minmay_close_crescents
D:2:      layout_basic, basic_altar, minmay_split_cup_small
D:3:      layout_basic, demons_altar, serial_shops,
          nicolae_shop_competitors_out_of_business, uniq_ijyb

Skill      XL: |  1  2  3 |
---------------+----------+-----
Shields        | 4 |  4.3
Fighting       | |  3.0
Short Blades   | |  2.9
Dodging        | |  3.0

Action                     |  1- 3 |  4- 6 || total
---------------------------+-------+-------++-------
  Melee: Rapier            |    65 |    27 ||    92
         Constrict         |    14 |     7 ||    21
         Tentacles         |    10 |     2 ||    12
         Punch             |     1 |       ||     1
   Stab: Sleeping          |     4 |     1 ||     5
 Armour: Skin              |     5 |       ||     5
  Dodge: Dodged            |    36 |    14 ||    50
  Block: Buckler           |    15 |     5 ||    20

Table legend: (Time is in decaauts)
 A = Elapsed time spent in this place.
 B = Non-inter-level travel time spent in this place.
 C = Inter-level travel time spent in this place.
 D = Time resting spent in this place.
 E = Time spent auto-exploring this place.
 F = Levels seen in this place.
 G = Mean time per level.
                   A        B        C        D        E       F      G
               +--------+--------+--------+--------+--------+-----+--------+
         Total |   1508 |   1430 |     78 |     50 |   1089 |   3 |  502.7 |
       Dungeon |   1508 |   1430 |     78 |     50 |   1089 |   3 |  502.7 |
               +--------+--------+--------+--------+--------+-----+--------+

Top non-repeatable levels by time:
     D:1: 806 daAuts
     D:2: 542 daAuts
     D:3: 160 daAuts
